Map: Abyssal Reef LE

Players

llllllllllll

  • Race: Terran Terran
  • League: Master
  • Spawn Location: 11:00

Railgan - Winner!

  • Race: Zerg Zerg
  • League: Grandmaster
  • Spawn Location: 5:00

VOD

https://youtu.be/FjXRXNEjzJ4

Description

Time

  • Played on: Aug. 17, 2017, 9:04 a.m.
  • Length: 12:26
Show
View Real Time Build Order
Export as new Build Order

llllllllllll Terran 

Build Orders: Reaper Expand, MMM Bio 

Get SALT Encoding   

  12  0:00  SCV  
  13  0:12  SCV  
  14  0:17  Supply Depot  
  14  0:24  SCV  
  14  0:27  Refinery  
  15  0:38  SCV  
  16  0:45  Barracks  
  16  0:50  SCV  
  17  1:02  SCV  
  18  1:15  SCV  
  19  1:32  Reaper, Orbital Command  
  20  1:45  Command Center  
  20  1:56  Factory  
  20  1:59  SCV  
  21  2:05  Refinery  
  21  2:08  Barracks Reactor  
  21  2:11  SCV  
  22  2:17  Supply Depot  
  22  2:23  SCV  
  23  2:38  SCV  
  23  2:41  Starport  
  23  2:44  Marine x2  
  24  2:48  Factory Tech Lab  
  26  3:00  SCV  
  26  3:02  Marine x2  
  29  3:06  Widow Mine  
  31  3:14  Orbital Command, SCV  
  31  3:17  Medivac  
  34  3:22  Marine x2  
  34  3:26  SCV  
  37  3:38  SCV  
  37  3:41  Supply Depot  
  38  3:43  SCV  
  38  3:46  Hellion x2  
  43  3:48  Barracks Tech Lab  
  43  3:51  SCV  
  44  4:03  SCV  
  44  4:04  Supply Depot  
  44  4:06  SCV  
  44  4:07  Hellion x2  
  50  4:14  Raven  
  50  4:15  Stimpack, SCV  
  53  4:18  SCV  
  54  4:29  Hellion x2, SCV  
  58  4:37  SCV  
  59  4:41  SCV  
  60  4:46  Command Center  
  60  4:49  SCV  
  60  4:50  Supply Depot  
  61  4:54  SCV  
  62  5:06  Hellion, SCV  
  62  5:10  Hellion, Banshee  
  62  5:13  SCV  
  49  5:18  SCV  
  45  5:25  SCV  
  44  5:30  SCV  
  45  5:38  SCV  
  45  5:42  SCV  
  47  5:43  Factory Reactor  
  40  5:50  SCV  
  40  5:51  Marine  
  40  5:54  SCV  
  43  5:59  Orbital Command, Supply Depot  
  43  6:02  SCV  
  44  6:06  SCV  
  44  6:11  Marine  
  46  6:14  SCV  
  46  6:15  Barracks x2  
  47  6:18  SCV  
  47  6:21  Starport Reactor  
  47  6:22  Combat Shields  
  48  6:26  SCV  
  48  6:28  Factory Reactor, Marine  
  48  6:31  SCV  
  44  6:38  SCV  
  38  6:43  SCV  
  38  6:46  Marine  
  36  6:48  SCV  
  36  6:50  SCV  
  38  6:55  SCV  
  38  7:00  SCV  
  40  7:02  SCV  
  40  7:04  Marine  
  40  7:08  Marine, SCV  
  43  7:12  SCV  
  43  7:14  SCV  
  46  7:20  SCV  
  46  7:22  Marine x2  
  47  7:23  Marine  
  47  7:24  SCV  
  47  7:26  SCV  
  47  7:28  Marine x2  
  52  7:32  SCV  
  52  7:36  SCV  
  54  7:43  SCV  
  52  7:44  Marine x2, SCV  
  52  7:47  Marine x2  
  52  7:48  SCV  
  58  7:56  SCV x2  
  58  7:57  Liberator  
  60  7:58  Engineering Bay  
  60  7:59  Engineering Bay  
  60  8:00  SCV  
  60  8:03  Viking  
  63  8:08  SCV x2  
  65  8:13  SCV  
  69  8:21  Marine x4  
  69  8:23  SCV x2  
  75  8:32  Terran Infantry Armor Level 1, Terran Infantry Weapons Level 1  
  75  8:38  SCV x2  
  75  8:39  Refinery  
  75  8:40  Refinery  
  77  8:45  Armory, Orbital Command  
  77  8:46  Supply Depot  
  77  8:47  Marine, Supply Depot  
  78  8:50  SCV x2  
  78  8:52  Medivac  
  82  8:59  Medivac  
  82  9:02  SCV x2  
  86  9:06  Widow Mine  
  86  9:07  Widow Mine  
  86  9:08  Marine x4  
  94  9:12  SCV  
  94  9:14  SCV x2  
  97  9:17  Marine  
  98  9:24  SCV  
  98  9:25  Barracks, Marine x2  
  98  9:29  Barracks, SCV x2  
  103  9:33  Marine x2  
  103  9:35  Marine  
  103  9:36  SCV  
  107  9:41  SCV  
  107  9:43  Marine, Supply Depot  
  107  9:44  Supply Depot  
  109  9:49  Widow Mine x2  
  109  9:50  Marine x2, Medivac  
  117  10:02  Refinery  
  117  10:05  Marine, Medivac, SCV x3  
  117  10:06  Supply Depot  
  123  10:07  Supply Depot  
  123  10:20  Medivac  
  125  10:23  SCV x2  
  125  10:27  Barracks Reactor x2  
  121  10:29  SCV  
  121  10:30  Supply Depot  
  121  10:32  Supply Depot  
  117  10:35  SCV x2  
  117  10:36  Marine x4  
  117  10:37  Marine  
  117  10:38  Siege Tank  
  117  10:41  SCV  
  117  10:42  Refinery  
  122  10:53  Marine, SCV  
  122  10:54  Factory  
  122  10:55  Marine x2  
  126  10:58  SCV x2  
  126  11:01  Supply Depot  
  126  11:03  Supply Depot  
  128  11:13  Supply Depot  
  128  11:14  Supply Depot  
  128  11:17  Medivac x2, Siege Tank  
  128  11:18  Marine x3  
  111  11:40  Marine  
  111  11:41  SCV x2  
  111  11:43  Marine x4  
  100  11:48  Marine x2  
  100  11:51  Marine x2  
  100  11:53  SCV x2  
  83  11:58  Marine  
  83  12:00  Marine  
  83  12:01  Marine x3  
  65  12:05  SCV x2  
  65  12:06  Marine x2  
Show
View Real Time Build Order
Export as new Build Order

Railgan Zerg - Winner!

Build Orders: Pool First 

Get SALT Encoding   

  12  0:01  Drone  
  13  0:13  Overlord  
  13  0:17  Drone  
  14  0:31  Drone  
  14  0:32  Drone  
  14  0:35  Drone  
  17  0:47  Spawning Pool  
  17  0:48  Drone  
  17  0:57  Drone  
  18  1:12  Hatchery  
  18  1:13  Extractor  
  16  1:21  Drone  
  16  1:22  Drone  
  18  1:34  Queen  
  18  1:35  Zergling x2  
  18  1:39  Drone  
  22  1:53  Overlord  
  22  2:11  Queen  
  22  2:13  Drone  
  22  2:14  Drone  
  26  2:17  Metabolic Boost  
  26  2:25  Queen  
  26  2:26  Drone x2  
  30  2:39  Drone x2  
  30  2:42  Drone  
  30  2:44  Drone  
  34  2:46  Drone x2  
  35  2:59  Hatchery  
  35  3:03  Zergling x2  
  35  3:04  Drone  
  36  3:08  Overlord  
  36  3:23  Overlord  
  36  3:24  Pneumatized Carapace  
  36  3:27  Drone x5  
  37  3:32  Spore Crawler  
  37  3:33  Drone  
  42  3:38  Baneling Nest  
  42  3:40  Drone  
  42  3:41  Evolution Chamber  
  41  3:47  Drone  
  42  3:48  Drone  
  42  3:51  Zergling x6  
  42  3:53  Zergling x2  
  47  3:58  Zergling x6  
  50  4:03  Zergling x4  
  50  4:06  Overlord  
  51  4:30  Spore Crawler  
  48  4:32  Drone x2  
  48  4:34  Zergling x2  
  48  4:35  Zergling x2  
  48  4:36  Drone x3  
  48  4:37  Baneling x4  
  48  4:38  Drone x2  
  57  4:41  Queen  
  57  4:42  Drone  
  57  4:43  Drone x2  
  62  4:46  Zergling x2  
  62  4:51  Zergling x2  
  62  4:52  Zergling x2  
  65  4:55  Zergling x2  
  65  4:57  Queen  
  65  4:58  Zergling x2  
  65  5:00  Zergling x2  
  65  5:04  Zergling x2  
  66  5:13  Zergling x4  
  66  5:14  Zergling x2  
  63  5:22  Drone x2  
  63  5:28  Drone  
  65  5:31  Overlord  
  61  5:43  Zergling x10  
  59  5:54  Baneling x4  
  65  5:58  Drone x3  
  62  6:04  Drone  
  62  6:05  Lair  
  62  6:06  Zergling x2  
  62  6:07  Zergling x10  
  63  6:20  Drone  
  63  6:21  Drone x5  
  69  6:31  Drone x6  
  74  6:38  Drone  
  73  6:40  Overlord  
  72  6:47  Drone  
  72  6:52  Spore Crawler  
  72  6:53  Drone, Spore Crawler  
  69  6:55  Evolution Chamber  
  69  6:56  Drone, Zerg Ground Armor Level 1  
  69  6:57  Drone x3  
  69  6:59  Zergling x2  
  69  7:00  Zergling x2  
  71  7:02  Zergling x4  
  71  7:03  Baneling  
  72  7:08  Drone x3  
  72  7:09  Drone  
  72  7:10  Extractor  
  72  7:11  Drone, Queen x3  
  78  7:24  Drone x2  
  78  7:25  Drone x2  
  78  7:29  Drone  
  80  7:34  Overlord, Drone  
  78  7:46  Overlord, Drone x4  
  82  7:55  Extractor x2  
  80  7:59  Zergling x2  
  80  8:00  Zergling x4, Hydralisk Den  
  80  8:04  Zergling x4  
  84  8:07  Overseer  
  84  8:09  Zergling x2  
  85  8:15  Drone x3, Extractor  
  85  8:16  Zergling x2  
  85  8:17  Zergling x2  
  85  8:19  Overlord  
  86  8:23  Drone x3  
  86  8:26  Extractor  
  89  8:27  Drone x2  
  90  8:35  Drone  
  90  8:36  Drone x3  
  90  8:38  Muscular Augments  
  92  8:42  Drone x5  
  97  8:51  Centrifical Hooks  
  97  8:53  Hatchery  
  95  8:58  Drone x3  
  95  9:02  Hatchery  
  95  9:04  Overlord  
  95  9:06  Hydralisk  
  95  9:08  Zergling x2  
  98  9:10  Overlord, Zerg Melee Weapons Level 1  
  98  9:14  Overlord  
  98  9:15  Overlord x2  
  98  9:17  Zerg Ground Armor Level 2  
  98  9:18  Baneling  
  98  9:21  Overlord  
  98  9:24  Zergling x4, Drone x2  
  100  9:29  Overlord  
  100  9:30  Zergling x2  
  99  9:41  Drone  
  98  9:46  Hydralisk  
  98  9:47  Hydralisk  
  98  9:48  Hydralisk x8  
  98  9:49  Overlord  
  98  9:50  Drone  
  119  9:53  Zergling x2  
  120  10:01  Baneling x5  
  120  10:02  Baneling x4  
  120  10:07  Zergling x6  
  123  10:14  Drone x4  
  123  10:15  Drone x2  
  123  10:17  Hydralisk x2  
  129  10:30  Drone x2, Spore Crawler  
  129  10:35  Baneling x7  
  129  10:36  Baneling, Overseer x2  
  129  10:37  Drone  
  129  10:38  Drone  
  129  10:39  Hydralisk  
  129  10:42  Zergling x2  
  134  10:48  Drone  
  134  10:53  Hydralisk  
  136  10:58  Hatchery  
  136  11:00  Zergling x2  
  136  11:01  Zergling x30  
  151  11:10  Zergling x10  
  154  11:20  Hydralisk x5  
  154  11:22  Baneling x2  
  154  11:23  Baneling x5  
  154  11:24  Zergling x2  
  165  11:28  Overlord  
  162  11:39  Overlord  
  149  11:40  Overseer x2  
  149  11:42  Zergling x2  
  149  11:43  Zergling x12  
  146  11:47  Zergling x2  
  146  11:48  Zergling x20  
  146  11:49  Zergling x2  
  146  11:51  Zergling x2  
  146  11:52  Overlord  
  156  12:00  Hydralisk  
  156  12:01  Hydralisk x3  
  157  12:02  Zergling x2  
  157  12:03  Zergling x2  
  157  12:08  Zergling x6  
Tags
 
Add a new tag
Caveats
  • Supply blocks, unpowered buildings, or Contaminate may cause inaccurate times.
  • Supply counts are checked every 10 seconds.